Unix NetHack Version 5.0.0-0 post-release - last build Jun 10 2026 00:39:30 (3ee93aec679c4c4259841fe613dc97188e26a321,branch:main).

Game began 2026-06-12 22:50:42, ended 2026-06-12 23:30:54.

ARFwashere, chaotic male elven Wizard

                         ---       ----
                        --.----    |..|
                        |.....|    |..---
                        |....--    |....---
                        --..--     |.--.^.|
                         |.--  ----|.||^..---
                         |.|---|..||.--.....|
                         |.|..||..||........|
                         |.|..||..--.[.....--
                   --- --|.|.---..........--
                  --.---.|.|.||...........|
     ---     .--  |...|....|.||-.. --.....--
   ---.---   -.-- --.........||....|..---..|
  --.....--- |..-----.......-----....-- --.|
  |....)...---...|.......-.-|----.------ |.|
 --..............|.----.....--....|..|.--|(------
 |...---.....----..|  ----......--......||.(.<.)|    .....
 --.-- |-.)...--..-|    |..........---..| --)..@------....
  ---  |*..........|    |..........| ---- |.....M.(.....).
       --^.------..|    ---....|.---      --.---------....
        ----    ----      --------         ---       -----
ARFwashere the Thaumaturge  St:10 Dx:14 Co:15 In:18 Wi:9 Ch:14  Chaotic
Dlvl:7  $:146 HP:0(48) Pw:8(59) AC:6  Xp:7 T:2970  Burdened

Latest messages:
 The spell misses the large cat.
 The large cat bites!
 The large cat bites!
 In what direction? l
 The spell hits the large cat!
 The large cat bites!
 In what direction? l
 The spell misses the large cat.
 The large cat bites!
 In what direction? l
 The spell hits the large cat!
 You kill the large cat!
 Your kitten eats a large cat corpse.
 Your kitten steps reluctantly onto a leather armor.
 You see here a leather armor.
 You have a little trouble lifting R - a leather armor.
 You were wearing an uncursed fireproof +0 cloak of magic resistance.
 What do you want to wear? [bER or ?*] ?
 You finish your dressing maneuver.
 You can't.  It is cursed.
 What do you want to wear? [bE or ?*] ?
 You are now wearing a cloak of magic resistance.
 You see no objects here.
 You see here a pick-axe.
 The orc-captain throws a knife!
 You are hit by a knife.
 The orc-captain throws a dart!
 A dart misses you.
 In what direction? l
 The spell hits the orc-captain!
 In what direction? l
 The orc-captain throws a dart!
 You are hit by a dart.
 The orc-captain throws a dart!
 You are hit by a dart.
 In what direction? l
 The human mummy hits!
 The human mummy hits again!
 The human mummy hits!
 The human mummy hits again!
 You see here a pick-axe.
 The human mummy hits!
 The human mummy hits again!
 The human mummy hits!
 You die...
 Do you want your possessions identified? [ynq] (y) y
 Do you want to see your attributes? [ynq] (y) y
 Do you want an account of creatures vanquished? [ynaq] (y) n
 Do you want to see your conduct and achievements? [ynq] (y) y
 Do you want to see the dungeon overview? [ynq] (y) n

Inventory:
 Coins    ('$')
  $ - 146 gold pieces
 Amulets  ('"')
  K - an uncursed amulet of ESP
 Weapons  (')')
  N - 6 +0 daggers (at the ready)
  a - a blessed +1 quarterstaff (weapon in hands)
 Armor    ('[')
  F - an uncursed +0 shield of reflection
  E - an uncursed +0 cloak of invisibility
  b - an uncursed fireproof +0 cloak of magic resistance (being worn)
  R - a cursed +1 leather armor (being worn)
 Comestibles  ('%')
  I - 2 uncursed slime molds
  s - an uncursed lembas wafer
  D - an uncursed pancake
  Q - an uncursed lichen corpse
 Scrolls  ('?')
  y - 2 uncursed scrolls of enchant weapon
  v - an uncursed scroll of fire
  B - an uncursed scroll of food detection
  q - 2 uncursed scrolls of gold detection
  U - an uncursed scroll of identify
  x - an uncursed scroll of remove curse
  T - a cursed scroll of remove curse
  j - an uncursed scroll of stinking cloud
  z - an uncursed scroll of teleportation
 Spellbooks  ('+')
  m - an uncursed spellbook of extra healing
  L - an uncursed spellbook of fireball
  J - a cursed spellbook of fireball
  l - a blessed spellbook of force bolt
  t - an uncursed spellbook of turn undead
 Potions  ('!')
  V - an uncursed potion of fruit juice
  M - an uncursed potion of hallucination
  f - 3 uncursed potions of healing
  H - 3 uncursed potions of oil
  w - a blessed potion of restore ability
  X - an uncursed potion of restore ability
  Y - an uncursed potion of sickness
  Z - an uncursed potion of speed
  W - a potion of holy water
 Rings    ('=')
  d - an uncursed ring of see invisible
  O - an uncursed ring of shock resistance
  e - an uncursed ring of warning
 Wands    ('/')
  c - a wand of secret door detection (0:13)
  P - a wand of stasis (0:6)
 Tools    ('(')
  p - an uncursed bugle
  o - an uncursed blindfold
  n - a magic marker (0:19)
  k - an uncursed skeleton key

ARFwashere the Wizard's attributes:

Background:
 You were a Thaumaturge, a level 7 male elven Wizard.
 You were chaotic, nominally on a mission for Anhur
 who was opposed by Ptah (lawful) and Thoth (neutral).
 You were left-handed.
 You were in the Gnomish Mines, on level 7.
 You entered the dungeon 2970 turns ago.
 It was nighttime.
 You had 915 experience points, 365 more were needed to attain level 8.

Basics:
 You had 0 out of 48 hit points.
 You had 8 out of 59 energy points (spell power).
 Your armor class was 6.
 Your wallet contained 146 zorkmids.
 Autopickup was on for '$' plus thrown.

Final Characteristics:
 Your strength was 10 (limit:18).
 Your dexterity was 14 (limit:18).
 Your constitution was 15 (limit:16).
 Your intelligence was 18 (limit:20).
 Your wisdom was 9 (limit:20).
 Your charisma was 14 (limit:18).

Final Status:
 You weren't hungry.
 You were burdened; movement was slightly slowed.
 You were wielding a quarterstaff.
 You had basic skill with quarterstaff and could have enhanced that.

Final Attributes:
 You were piously aligned.
 You were magic-protected.
 You were sleep resistant.
 You were poison resistant.
 You had infravision.
 You were warded.
 You are dead.

Miscellaneous:
 You encountered 2 bones levels.
 Total elapsed playing time was 40 minutes and 11 seconds.

Major events:
 Turn
    1: ARFwashere the chaotic male elven Wizard entered the dungeon
  856: attained the rank of Conjurer (level 3)
 1547: entered the Gnomish Mines
 2001: attained the rank of Thaumaturge (level 6)
 2970: killed by a human mummy

Spells:
 Name                 Level Category     Fail Retention
 force bolt             1   attack         0%   81%-90%
 extra healing          3   healing       71%  76%-100%

Skills:
 Fighting Skills
   bare handed combat [Unskilled]
   riding             [Unskilled]
 Weapon Skills
   dagger             [Unskilled]
   knife              [Unskilled]
   axe                [Unskilled]
   short sword        [Unskilled]
   club               [Unskilled]
   mace               [Unskilled]
   quarterstaff       [Basic]
   polearms           [Unskilled]
   spear              [Unskilled]
   trident            [Unskilled]
   sling              [Unskilled]
   dart               [Unskilled]
   shuriken           [Unskilled]
 Spellcasting Skills
   attack spells      [Basic]
   healing spells     [Unskilled]
   divination spells  [Unskilled]
   enchantment spells [Basic]
   clerical spells    [Unskilled]
   escape spells      [Unskilled]
   matter spells      [Unskilled]

Voluntary challenges:
 Character rerolling was not enabled.
 You were an atheist.
 You never genocided any monsters.
 You never polymorphed an object.
 You never changed form.
 You used no wishes.
Achievements:
 You attained the rank of Conjurer.
 You entered a shop.
 You entered the Gnomish Mines.
 You attained the rank of Thaumaturge.

 The Dungeons of Doom: levels 1 to 5
    Level 1:
       A sink.
    Level 2:
       A grave.
    Level 3:
    Level 4:
       An armor shop, a fountain.
       Stairs down to The Gnomish Mines.
    Level 5:
       Final resting place for
          KraJa-Wiz-Gno-Fem-Neu, killed by a giant spider.
 The Gnomish Mines: levels 5 to 7
    Level 5:
    Level 6:
    Level 7: <- You were here.
       Final resting place for
          you, killed by a human mummy,
          rzepol-Rog-Hum-Mal-Cha, killed by a ghoul, while paralyzed.


Vanquished creatures:
  a large cat
  2 quivering blobs
  a dwarf mummy
  a dingo
  a housecat
  a blue jelly
 an orc shaman
  a yellow light
  a shrieker
  6 gnome leaders
  a gnomish wizard
  2 ghouls
  a giant ant
  4 dwarves
  a rothe
  a giant bat
  a monkey
 an iguana
  a gas spore
  a hobgoblin
  a giant rat
  3 cave spiders
  a yellow mold
  2 red molds
 15 gnomes
  a gnome zombie
  3 geckos
  5 jackals
  a fox
  2 kobolds
  2 goblins
  2 sewer rats
  a grid bug
  3 lichens
  2 kobold zombies
  2 newts
76 creatures vanquished.

No species were genocided or became extinct.

Game over:
                       ----------
                      /          \
                     /    REST    \
                    /      IN      \
                   /     PEACE      \
                  /                  \
                  |    ARFwashere    |
                  |      146 Au      |
                  |   killed by a    |
                  |   human mummy    |
                  |                  |
                  |                  |
                  |       2026       |
                 *|     *  *  *      | *
        _________)/\\_//(\/(/\)/\//\/|_)_______

Goodbye ARFwashere the Wizard...

You died in The Gnomish Mines on dungeon level 7 with 2952 points,
and 146 pieces of gold, after 2970 moves.
You were level 7 with a maximum of 48 hit points when you died.

